 Dungeon Crawl Stone Soup version 0.31-a0-1589-g8f5e8aebd6 (webtiles) character file.

Game seed: 8895846930343226898

201 Flugslaktarn the Apothecary (level 5, -4/33 HPs)
             Began as an Octopode Alchemist on Jan 5, 2024.
             Slain by an elf skeleton (8 damage)
             ... on level 4 of the Dungeon.
             The game lasted 00:03:30 (1463 turns).

Flugslaktarn the Apothecary (Octopode Alchemist)    Turns: 1463, Time: 00:03:31

Health: -4/33      AC:  1    Str: 14    XL:     5   Next: 79%
Magic:  9/10       EV: 13    Int: 19    God:
Gold:   310        SH:  0    Dex: 12    Spells: 1/10 levels left

rFire   . . .        b - +0 dagger
rCold   + . .        (no shield)
rNeg    . . .        (helmet restricted)
rPois   .            (no amulet)
rElec   .            g - ring of flight
rCorr   .            e - +6 ring of strength
SInv    +            c - ring of protection from cold
Will    .....        i - ring of see invisible
Stlth   +++          (no ring)
HPRegen 0.25/turn    (no ring)
MPRegen 0.12/turn    (no ring)
                     (no ring)

%: no passive effects
@: flying
A: almost no armour, amphibious, 8 rings, camouflage 1, gelatinous body 1,
(nimble swimmer 1), tentacles
a: no special abilities


You were on level 4 of the Dungeon.
You visited 1 branch of the dungeon, and saw 4 of its levels.
You also visited: Ossuary.

You collected 310 gold pieces.

Inventory:

Hand Weapons
 b - a +0 dagger (weapon)
   (You took it off a kobold on level 1 of the Dungeon)
Jewellery
 c - a ring of protection from cold (on tentacle)
   (You found it on level 2 of the Dungeon)
 e - a +6 ring of strength (right tentacle)
   (You found it on level 2 of the Dungeon)
 g - a ring of flight (left tentacle)
   (You found it on level 1 of the Dungeon)
 i - a ring of see invisible (on tentacle)
   (You found it on level 2 of the Dungeon)
Scrolls
 d - a scroll of teleportation {unknown}
 f - 2 scrolls of amnesia {unknown}
 h - a scroll of blinking {unknown}
 k - 4 scrolls of identify {unknown}
 q - a scroll of poison {unknown}
Potions
 a - 2 potions of magic
 j - a potion of cancellation {unknown}
 l - 2 potions of resistance {unknown}
 m - a potion of haste {unknown}
 n - a potion of invisibility {unknown}
 o - a potion of brilliance {unknown}
 p - a potion of might {unknown}


   Skills:
 - Level 1.0 Fighting
 - Level 2.0 Dodging
 - Level 2.6 Stealth
 + Level 3.3 Spellcasting
 - Level 1.0 Conjurations
 * Level 5.8 Alchemy


You had one spell level left.
You knew the following spells:

 Your Spells              Type           Power      Damage    Failure   Level
a - Sting                 Conj/Alch      64%        1d7       3%          1
b - Olgreb's Toxic Radia  Alch           25%        N/A       13%         4
c - Sticky Flame          Fire/Alch      14%        2d5       41%         4

Your spell library contained the following spells:

 Spells                   Type           Power      Damage    Failure   Level
 Mercury Vapours          Alch/Air       28%        N/A       7%          2
 Mephitic Cloud           Conj/Alch/Air  11%        N/A       17%         3


Dungeon Overview and Level Annotations

Branches:
Dungeon (4/15)            Ossuary (visited)
 Temple: D:4-7

Altars:


Innate Abilities, Weirdness & Mutations

You cannot wear most types of armour.
You are amphibious.
You can wear up to eight rings at the same time.
Your skin changes colour to match your surroundings (Stealth+).
Your rubbery body absorbs attacks. (AC +1, EV +1)
((You are camouflaged when in or above water. (Stealth+)))
You have tentacles for arms and can constrict up to eight enemies at once.


Message History

Nothing appears to happen.
Casting: Sting (safe; 3% risk of failure)
Confirm with . or Enter, or press ? or * to list all spells.
Aiming: Sting (safe; 3% risk of failure)
Press: ? - help, Shift-Dir - straight line, f/p - mummy
Aim: a mummy (heavily damaged, 88% to hit)
The sting hits the mummy.
The mummy is heavily damaged.
Your magical contamination has completely faded away.
Casting: Sting (safe; 3% risk of failure)
Confirm with . or Enter, or press ? or * to list all spells.
You don't have enough magic to cast this spell.
Casting: Sting (safe; 3% risk of failure)
Confirm with . or Enter, or press ? or * to list all spells.
Aiming: Sting (safe; 3% risk of failure)
Press: ? - help, Shift-Dir - straight line, f/p - mummy
Aim: a mummy (heavily damaged, 88% to hit)
The sting hits the mummy.
The mummy partially resists.
The mummy is heavily damaged.
Casting: Sting (safe; 3% risk of failure)
Confirm with . or Enter, or press ? or * to list all spells.
You don't have enough magic to cast this spell.
You hit the mummy but do no damage. You grab the mummy. You squeeze the mummy!
The mummy is almost destroyed.
You constrict the mummy. The mummy hits you!
You hit the mummy but do no damage.
The mummy is almost destroyed.
You constrict the mummy.
You destroy the mummy!
As you open the door, it creaks loudly!
Found three items.
There is an open door here.
p - a metallic golden potion You now have 176 gold pieces (gained 9).
You now have 196 gold pieces (gained 20).
You now have 212 gold pieces (gained 16).
You now have 232 gold pieces (gained 20).
You now have 244 gold pieces (gained 12).
You now have 258 gold pieces (gained 14).
HP restored.
You now have 274 gold pieces (gained 16).
f - 2 scrolls labelled NAVOMA GUASO (gained 1)
k - 4 scrolls labelled LOMIDO BACLEI (gained 1)
l - 2 lumpy sapphire potions (gained 1)
q - a scroll labelled GEIXKUTAAQ You now have 292 gold pieces (gained 18).
You now have 310 gold pieces (gained 18).
a - 2 potions of magic (gained 1) Done exploring.
Done exploring.
There is an open door here.
There is a gate leading back out of this place here.
You start resting.
Magic restored.
Welcome back to the Dungeon!
There is a collapsed entrance here.
Unknown command.
There is an open door here.
There is an open door here.
As you open the door, it creaks loudly!
An elf skeleton comes into view.
You hit the elf skeleton. You grab the elf skeleton.
The elf skeleton is lightly damaged.
You constrict the elf skeleton. The elf skeleton completely misses you.
You hit the elf skeleton.
The elf skeleton is lightly damaged.
You constrict the elf skeleton. The elf skeleton hits you.
You hit the elf skeleton. You squeeze the elf skeleton!
The elf skeleton is moderately damaged.
You constrict the elf skeleton. The elf skeleton hits you.
You hit the elf skeleton.
The elf skeleton is heavily damaged.
You constrict the elf skeleton.
You hit the elf skeleton but do no damage.
You squeeze the elf skeleton.
The elf skeleton is heavily damaged.
You constrict the elf skeleton. The elf skeleton hits you.
You hit the elf skeleton.
The elf skeleton is heavily damaged.
You constrict the elf skeleton. The elf skeleton hits you!
You hit the elf skeleton but do no damage.
The elf skeleton is severely damaged.
You constrict the elf skeleton. The elf skeleton hits you.
* * * LOW HITPOINT WARNING * * *
You hit the elf skeleton.
The elf skeleton is severely damaged.
You constrict the elf skeleton. The elf skeleton hits you.
* * * LOW HITPOINT WARNING * * *
You hit the elf skeleton.
The elf skeleton is almost destroyed.
You constrict the elf skeleton.
Casting: Sting (safe; 3% risk of failure)
Confirm with . or Enter, or press ? or * to list all spells.
Aiming: Sting (safe; 3% risk of failure)
Press: ? - help, Shift-Dir - straight line, f - elf skeleton
Aim: an elf skeleton (almost destroyed, constricted by you, 100% to hit)
The sting hits the elf skeleton.
The elf skeleton partially resists.
The elf skeleton is almost destroyed.
You constrict the elf skeleton. The elf skeleton hits you!
You die...

#+#+###
+...Z.#
#..@###
+...'.#
#+#'#.#
#.#.# ####
#####'# #..
#.###.# #.#
#.##..# #.#
#.##.####.#
#.......<.#


You could see an elf skeleton.

Vanquished Creatures
  A human skeleton (D:4)
  Natasha (twice) (D:1)
  8 mummies (Ossuary)
  6 endoplasms
  3 goblins (D:1)
  3 hobgoblins (D:1)
  2 kobolds (D:1)
  2 bats
  A gnoll zombie (Ossuary)
  2 hobgoblin zombies (Ossuary)
  2 kobold zombies (Ossuary)
  An orc skeleton (D:4)
  3 orc zombies (Ossuary)
  3 rats
39 creatures vanquished.

Notes
Turn   | Place    | Note
-------+----------+-------------------------------------------
     0 | D:1      | Flugslaktarn the Octopode Alchemist began the quest for the
                  | Orb.
     0 | D:1      | Reached XP level 1. HP: 11/11 MP: 3/3
    35 | D:1      | Reached XP level 2. HP: 6/17 MP: 1/5
    82 | D:2      | Noticed Natasha
    89 | D:1      | Killed Natasha
    90 | D:1      | Reached skill level 4 in Alchemy
    90 | D:1      | Reached XP level 3. HP: 16/21 MP: 0/6
   283 | D:1      | Noticed Natasha
   287 | D:1      | Killed Natasha
   288 | D:1      | Reached XP level 4. HP: 19/27 MP: 3/8
   385 | D:4      | Learned a level 4 spell: Olgreb's Toxic Radiance
   412 | D:4      | Reached skill level 5 in Alchemy
   416 | D:4      | Found a sand-covered staircase.
   421 | Ossuary  | Entered an ossuary
   577 | Ossuary  | Reached skill level 1 in Fighting
   625 | Ossuary  | Learned a level 4 spell: Sticky Flame
   649 | Ossuary  | Reached XP level 5. HP: 33/33 MP: 2/9
  1463 | D:4      | Slain by an elf skeleton

Illustrated notes

Levels and vault maps discovered:
D:1:      heliophobic_arrival_battle_scene, layout_rooms,
          chequers_ecumenical_altar_simple
D:2:      layout_rooms, uniq_natasha
D:3:      kennysheep_goblin_castle, layout_basic, lemuel_coloured_pillars_altar,
          supply_closet_lemuel, hangedman_abyss_or_decor_lesser_grid
D:4:      layout_loops_ring, lemuel_zombie_altar_kikubaaqudgha,
          nicolae_ossuary_entry_catacombs, uniq_pargi, uniq_eustachio

Skill      XL: |  1  2  3  4 |
---------------+-------------+-----
Alchemy        | 4 5 |  5.8
Spellcasting   | 3 |  3.3
Fighting       | 1 |  1.0
Dodging        | |  2.0
Stealth        | |  2.6
Conjurations   | |  1.0

Action                     |  1- 3 |  4- 6 || total
---------------------------+-------+-------++-------
  Melee: Unarmed           |    15 |       ||    15
         Constrict         |     5 |    18 ||    23
         Tentacles         |     5 |    20 ||    25
         Dagger            |     9 |    64 ||    73
         Punch             |       |     1 ||     1
   Cast: Sting             |    20 |    82 ||   102
   Stab: Sleeping          |       |     1 ||     1
 Armour: Skin              |    12 |    25 ||    37
  Dodge: Dodged            |    15 |    22 ||    37

Table legend: (Time is in decaauts)
 A = Elapsed time spent in this place.
 B = Non-inter-level travel time spent in this place.
 C = Inter-level travel time spent in this place.
 D = Time resting spent in this place.
 E = Time spent auto-exploring this place.
 F = Levels seen in this place.
 G = Mean time per level.
                   A        B        C        D        E       F      G
               +--------+--------+--------+--------+--------+-----+--------+
         Total |   1468 |   1436 |     32 |    482 |    194 |   5 |  293.6 |
       Dungeon |    440 |    408 |     32 |      0 |    151 |   4 |  110.0 |
       Ossuary |   1027 |   1027 |      0 |    482 |     43 |   1 | 1027.0 |
               +--------+--------+--------+--------+--------+-----+--------+

Top non-repeatable levels by time:
 Ossuary: 1027 daAuts
     D:2: 205 daAuts
     D:1: 111 daAuts
     D:3: 68 daAuts
     D:4: 55 daAuts
